 Dungeon Crawl Stone Soup version 0.14-a0-629-g748cab2 (webtiles) character file.

3243 Malachi the Martial Artist (level 9, -2/82 HPs)
             Began as a White Draconian Transmuter on Nov 5, 2013.
             Was an Initiate of Kikubaaqudgha.
             Slain by a gnoll
             ... wielding a +0,+0 flail
              (5 damage)
             ... on Level 7 of the Dungeon.
             The game lasted 00:33:38 (8166 turns).

Malachi the Martial Artist (DrTm)                   Turns: 8166, Time: 00:33:39

HP  -2/82        AC  6     Str 12      XL: 9   Next: 61%
MP  10/13        EV 12     Int 17      God: Kikubaaqudgha [......]
Gold 114         SH  0     Dex 12      Spells:  6 memorised,  0 levels left

Res.Fire  : x . .   See Invis. : .     - Unarmed
Res.Cold  : + + +   Warding    : .   (armour unavailable)
Life Prot.: . . .   Conserve   : .   (shield currently unavailable)
Res.Poison: +       Res.Corr.  : .   (helmet currently unavailable)
Res.Elec. : .       Clarity    : +   (no cloak)
Sust.Abil.: . .     Spirit.Shd : .   K - melded +0 pair of orc gauntlets
Res.Mut.  : .       Stasis     : .   (boots currently unavailable)
Res.Rott. : .       Flight     : .   l - amulet of clarity
Saprovore : . . .                    p - ring of wizardry
                                     m - ring of regeneration

@: ice-form, slightly resistant to hostile enchantments, unstealthy
A: (breathe frost), unfitting armour, (cold resistance 0), AC +7
a: End Transformation, Renounce Religion


You were on level 7 of the Dungeon.
You worshipped Kikubaaqudgha.
Kikubaaqudgha was noncommittal.
You were not hungry.
You were a creature of crystalline ice.
You visited 2 branches of the dungeon, and saw 9 of its levels.

You collected 296 gold pieces.
You spent 182 gold pieces at shops.

Inventory:

Hand weapons
 f - a +2,+1 dagger of draining
 w - a +4,+2 elven short sword of venom
Missiles
 b - 33 arrows
 k - a throwing net
 z - a javelin of returning (quivered)
 A - 6 silver tomahawks
Armour
 K - a +0 pair of orcish gauntlets (melded)
Magical devices
 q - a wand of slowing (0)
 x - a wand of disintegration (7) {unknown}
 O - a wand of cold (5) {unknown}
Comestibles
 a - 5 bread rations
 i - 4 meat rations
 G - a banana
 L - 2 rotting chunks of centaur flesh
 M - a pear
 R - 2 chunks of giant frog flesh
Scrolls
 g - a scroll of magic mapping
 h - a scroll of enchant weapon I
 o - 4 scrolls of fog
 t - a scroll of fear
 v - 3 scrolls of remove curse
 E - a scroll of curse weapon {unknown}
 F - a scroll of blinking
 H - a scroll of recharging {unknown}
 I - 2 scrolls of teleportation
 J - a scroll of curse armour {unknown}
 N - a scroll of enchant weapon III {unknown}
 Q - 2 scrolls of enchant weapon II {unknown}
Jewellery
 l - an amulet of clarity (around neck)
 m - a ring of regeneration (left paw)
 p - a ring of wizardry (right paw)
 C - an uncursed ring of positive energy
 P - an uncursed ring of fire
Potions
 c - a potion of resistance
 j - 3 potions of heal wounds
 n - 4 potions of curing
 r - a potion of agility
 s - a potion of speed
 u - 2 potions of flight
 B - 2 potions of might
 D - a potion of restore abilities
Books
 d - a book of Changes

   Spells                             Type                      Level
   *Beastly Appendage                 Transmutation                1
   *Sticks to Snakes                  Transmutation                2
   *Spider Form                       Transmutation/Poison         3
   *Ice Form                          Ice/Transmutation            4
   Blade Hands                        Transmutation                5
 y - a book of Party Tricks

   Spells                             Type                      Level
   *Summon Butterflies                Summoning                    1
   *Apportation                       Translocation                1
   Blink                              Translocation                2
   Alistair's Intoxication            Transmutation/Poison         4
   Tukima's Dance                     Hexes                        5


   Skills:
 - Level 4.2 Fighting
 - Level 5.8 Dodging
 + Level 9.1 Unarmed Combat
 - Level 2.0 Spellcasting
 * Level 5.7 Transmutations
 * Level 3.5 Ice Magic
 - Level 4.0 Poison Magic


You couldn't memorise any spells.
You knew the following spells:

 Your Spells              Type           Power        Failure   Level  Hunger
a - Beastly Appendage     Trmt           ###...       1%          1    #......
b - Sticks to Snakes      Trmt           ###.......   1%          2    ###....
c - Spider Form           Trmt/Pois      ###.......   3%          3    ####...
d - Ice Form              Ice/Trmt       ###.......   12%         4    #####..
e - Summon Butterflies    Summ           #.......     8%          1    #......
f - Apportation           Tloc           #.........   8%          1    #......


Dungeon Overview and Level Annotations

Branches:
Dungeon (8/27)             Temple (1/1) D:7
    Orc: D:6-11        Lair: D:8-13

Altars:
Ashenzari
Cheibriados
Elyvilon
Fedhas
Kikubaaqudgha
Makhleb
Nemelex Xobeh
Okawaru
Sif Muna
Trog
Vehumet
Xom
Yredelemnul
Zin
the Shining One

Shops:
D:7 *


Innate Abilities, Weirdness & Mutations

((You can breathe waves of freezing cold.))*
((You can buffet flying creatures when you breathe cold.))*
((Your icy white scales are hard (AC +7).))*
Your body does not fit into most forms of armour.
Your cold-blooded metabolism reacts poorly to cold.
((Your flesh is cold resistant.))*


Message History

* * * LOW HITPOINT WARNING * * *
The gnoll hits you with a flail!
* * * LOW HITPOINT WARNING * * *
The gnoll hits you but does no damage.
The gnoll throws a throwing net.
The throwing net hits you!
You become entangled in the net!
* * * LOW HITPOINT WARNING * * *
You see here a throwing net.
You struggle against the net.
The gnoll hits you with a flail.
* * * LOW HITPOINT WARNING * * *
You struggle against the net.
The gnoll hits you from afar with a spear.
* * * LOW HITPOINT WARNING * * *
The gnoll hits you with a flail!
* * * LOW HITPOINT WARNING * * *
Drink which item? (? for menu, Esc to quit)
You can't drink that!
You rip the net and break free!
The gnoll hits you with a flail.
You die...
Kikubaaqudgha rasps: "You have failed me!
Welcome... death!"

...# #.# #.....# #........##..
...####.# #########.....(..##..
.....##.# #######.........##..
.....##.# #.....#.........##..
#....##.# #.....#......#####..
#....##.# #.§§§.#......# #..
##...##.# #..§..#......# #..
##...##.######gg...##..########..
.....<......>)ggI................
#######.####.######......#######.
#######.# #.# #......# #.
......#.# #.# #......# #.
...##.#.# #.# #......# ##
...#..#.# #.# #....#.# ...#..#.#
#.# #....#.######## ...#..#.# #.#
####....#......... ##......# #.#
#.......##########


You could see 4 gnolls.

Vanquished Creatures
  An ice beast (D:7)
  2 phantoms
  2 orc warriors (D:6)
  2 centaurs
  6 ogres
  A sky beast (D:7)
  Duvessa (D:5)
  3 giant frogs
  Blork the orc (D:5)
  A gnoll sergeant (D:3)
  Dowan (D:5)
  7 crimson imps
  4 hounds
  7 orc priests
  4 orc wizards
  A centaur skeleton (D:5)
  A jelly (D:7)
  3 scorpions
  2 iguanas (D:5)
  5 worker ants
  A sky beast zombie (D:7)
  Ijyb (D:2)
  2 hound zombies
  A hound skeleton (D:4)
  7 gnolls
  14 adders
  An inept feature mimic (D:3)
  3 worms
  2 adder skeletons
  An adder zombie (D:5)
  An iguana skeleton (D:4)
  6 giant geckos
  2 oozes (D:1)
  20 orcs
  13 bats
  6 giant cockroaches
  12 goblins
  11 hobgoblins
  5 jackals
  12 kobolds
  2 quokkas
  3 ball pythons
  6 giant newts
  2 hobgoblin skeletons
  A kobold skeleton (D:5)
  A quokka skeleton (D:4)
  16 rats
  2 ballistomycetes (D:6)
209 creatures vanquished.

Vanquished Creatures (others)
  A jackal (D:6)
  A giant spore (D:6)
2 creatures vanquished.

Grand Total: 211 creatures vanquished

Notes
Turn   | Place    | Note
--------------------------------------------------------------
     0 | D:1      | Malachi, the Draconian Transmuter, began the quest for the Orb.
     0 | D:1      | Reached XP level 1. HP: 16/16 MP: 1/1
    92 | D:1      | Reached XP level 2. HP: 20/23 MP: 0/3
   780 | D:2      | Reached XP level 3. HP: 21/28 MP: 2/4
  1009 | D:2      | Learned a level 2 spell: Sticks to Snakes
  1013 | D:2      | Learned a level 3 spell: Spider Form
  1171 | D:2      | Noticed Ijyb
  1205 | D:2      | Killed Ijyb
  1205 | D:2      | Reached skill level 4 in Unarmed Combat
  1234 | D:2      | Reached XP level 4. HP: 20/35 MP: 6/6
  2524 | D:3      | Reached XP level 5. HP: 41/41 MP: 5/7
  3443 | D:3      | Reached XP level 6. HP: 35/48 MP: 7/9
  3525 | D:3      | Reached skill level 5 in Unarmed Combat
  3837 | D:4      | Reached skill level 1 in Poison Magic
  3842 | D:4      | Your scales start taking on an icy white colour.
  3842 | D:4      | Gained mutation: Your flesh is cold resistant. [draconian maturity]
  3842 | D:4      | Reached XP level 7. HP: 42/55 MP: 4/10
  3910 | D:4      | Found a white marble altar of Elyvilon.
  3920 | D:4      | Found a blossoming altar of Fedhas.
  3920 | D:4      | Found a shattered altar of Ashenzari.
  3945 | D:4      | Reached skill level 6 in Unarmed Combat
  4495 | D:5      | Entered Level 5 of the Dungeon
  4554 | D:5      | Noticed Duvessa
  4555 | D:5      | Noticed Dowan
  4650 | D:5      | Killed Duvessa
  4810 | D:5      | Killed Dowan
  4917 | D:5      | Reached XP level 8. HP: 28/62 MP: 12/12
  5304 | D:5      | Reached skill level 5 in Dodging
  5304 | D:5      | Reached skill level 7 in Unarmed Combat
  5558 | D:5      | Noticed Blork the orc
  5575 | D:5      | Killed Blork the orc
  6208 | D:6      | Reached skill level 8 in Unarmed Combat
  6208 | D:6      | Reached XP level 9. HP: 58/69 MP: 13/13
  6350 | D:6      | Learned a level 4 spell: Ice Form
  6381 | D:6      | Learned a level 1 spell: Summon Butterflies
  6383 | D:6      | Learned a level 1 spell: Apportation
  6547 | D:6      | Reached skill level 1 in Ice Magic
  7060 | D:7      | Found a staircase to the Ecumenical Temple.
  7069 | D:7      | Reached skill level 5 in Transmutations
  7091 | Temple   | Entered the Ecumenical Temple
  7205 | Temple   | Became a worshipper of Kikubaaqudgha
  7450 | D:7      | Found Mnatt's Assorted Antiques.
  7453 | D:7      | Bought a sedimented red potion for 27 gold pieces
  7453 | D:7      | Bought a potion of curing for 62 gold pieces
  7453 | D:7      | Bought a scroll of remove curse for 93 gold pieces
  7824 | D:7      | Reached skill level 9 in Unarmed Combat
  8165 | D:7      | HP: 2/82 [gnoll/flail (8)]
  8166 | D:7      | Slain by a gnoll

Action                   |  1- 3 |  4- 6 |  7- 9 || total
-------------------------+-------+-------+-------++-------
Melee: Unarmed           |   145 |   271 |   456 ||   872
 Cast: Beastly Appendage |    24 |    27 |    29 ||    80
       Spider Form       |       |     4 |    10 ||    14
       Ice Form          |       |       |     4 ||     4
 Abil: End Transformatio |       |     1 |     3 ||     4
       Breathe Frost     |       |       |    15 ||    15
  Use: Scroll            |       |     5 |    21 ||    26
       Potion            |       |       |     4 ||     4
